AoeStats
← Elmp5

Four Lakes

509724904Analyzed
1v1 RM · 3d ago on Sep 27, 2026· 31m 8s· 2 players
Game mode
Random Map
Map size
Tiny (2 player)
Population
200
Speed
Normal
Resources
Standard
Victory
Conquest
Starting age
Dark Age
Ending age
Imperial Age
RankedLock teamsTeams togetherTeam positionsShared explorationLock speedFull tech treeHidden civsTurbo modeCheats
Victory
Defeat
🇺🇸 Poles · United States
866
+21
🇨🇱 Japanese · Chile
848
-15
Elmp5
3:15 Loom
11:08 Feudal Age
16:25 Castle Age
14:32 Double-Bit Axe
15:43 Stone Mining
22:33 Wheelbarrow
21:50 Town Watch
23:53 Forging
25:25 Town Patrol
27:43 Pikeman
28:23 Squires
28:09 Arson
29:31 Hand Cart
blubberBoy
9:17 Loom
11:49 Feudal Age
12:20 Fishing Lines
12:27 Double-Bit Axe
14:11 Wheelbarrow
19:06 Castle Age
17:26 Gold Mining
18:32 Scale Barding Armor
18:38 Forging
18:38 Stone Mining
20:11 Bow Saw
19:54 Gillnets
21:15 Chain Barding Armor
21:32 Iron Casting
22:14 Stone Shaft Mining
24:28 Szlachta Privileges
24:05 Horse Collar
25:26 Bloodlines
25:16 Husbandry
25:11 Fletching
26:31 Stone Shaft Mining
26:54 Heavy Plow
29:07 Bodkin Arrow
Connection lost

Rejoining the realm…

Still unreachable

The connection could not be restored.

Session expired

The server has moved on; the page needs a fresh start.